 Dungeon Crawl Stone Soup version 0.26-a0-52-gd53d4cd058 (webtiles) character file.

Game seed: 16465673587988560091

3789 mortelune the Spear-Bearer (level 10, 0/81 (82) HPs)
             Began as a Merfolk Skald on June 6, 2020.
             Was an Initiate of Makhleb.
             Slain by an unseen horror (1 damage)
             ... on level 7 of the Dungeon.
             The game lasted 00:19:49 (10560 turns).

mortelune the Spear-Bearer (Merfolk Skald)         Turns: 10560, Time: 00:19:50

HP:   0/81 (82)     AC: 10    Str: 19    XL:     10   Next: 16%
MP:   16/16         EV: 16    Int: 14    God:    Makhleb [......]
Gold: 251           SH:  0    Dex: 14    Spells: 9/17 levels left

rFire    + . .     SeeInvis .   r - +1 trident
rCold    . . .     Gourm    .   (no shield)
rNeg     . . .     Faith    .   b - +0 leather armour
rPois    .         Spirit   .   H - +0 helmet
rElec    .         Reflect  .   h - +1 cloak
rCorr    .         Harm     .   c - +1 pair of gloves
MR       .....                  m - +1 pair of boots
Stlth    +.........             (no amulet)
HPRegen  0.23/turn              F - ring of protection from fire
MPRegen  0.15/turn              l - +6 ring of strength

@: berserk cooldown, slowed, studying Evocations, invisible, very slow
A: change form in water, swift swim, stealthy swim
a: Renounce Religion


You were on level 7 of the Dungeon.
You worshipped Makhleb.
Makhleb was noncommittal.
You were not hungry.

You visited 2 branches of the dungeon, and saw 9 of its levels.

You collected 395 gold pieces.
You spent 144 gold pieces at shops.

Inventory:

Hand Weapons
 r - a +1 trident (weapon)
Missiles
 a - 6 boomerangs (quivered)
 A - 6 silver javelins
Armour
 b - a +0 leather armour (worn)
 c - a +1 pair of gloves (worn)
 g - a +0 cloak
 h - a +1 cloak (worn)
 m - a +1 pair of boots (worn)
 E - a +0 ring mail
 H - a +0 helmet (worn)
Jewellery
 l - a +6 ring of strength (right hand)
 s - an uncursed amulet of magic regeneration
 F - a ring of protection from fire (left hand)
 J - an uncursed amulet of faith
Wands
 x - a wand of polymorph (5)
 D - a wand of digging (2)
Scrolls
 i - 2 scrolls of identify
 k - 3 scrolls of enchant weapon
 o - a scroll of enchant armour
 p - 2 scrolls of remove curse
 t - a scroll of teleportation
 y - 3 scrolls of immolation {unknown}
 B - a scroll of blinking
 L - a scroll of fear {unknown}
Potions
 e - a potion of berserk rage
 f - a potion of ambrosia {unknown}
 n - 2 potions of stabbing {unknown}
 q - a potion of brilliance {unknown}
 u - 2 potions of cancellation
 v - 2 potions of curing
 w - a potion of haste {unknown}
 z - 2 potions of lignification {unknown}
 C - a potion of flight {unknown}
 I - a potion of might {unknown}
Books
 j - a manual of Evocations
Comestibles
 d - 12 rations


   Skills:
 * Level 8.9 Fighting
 * Level 11.5 Polearms
 - Level 0.6 Armour
 + Level 7.8 Dodging
 + Level 4.1 Spellcasting
 + Level 7.0 Charms


You had 9 spell levels left.
You knew the following spells:

 Your Spells              Type           Power        Failure   Level  Hunger
a - Infusion              Chrm           ###.         1%          1    None
b - Song of Slaying       Chrm           ###.....     1%          2    ##.....
c - Shroud of Golubria    Chrm/Tloc      ##....       9%          2    ##.....
d - Spectral Weapon       Hex/Chrm       ##......     16%         3    ###....

Your spell library contained the following spells:

 Spells                   Type           Power        Failure   Level  Hunger
 Ozocubu's Armour         Chrm/Ice       ##......     16%         3    ###....
 Animate Skeleton         Necr           N/A          22%         1    None
 Apportation              Tloc           #.....       22%         1    None
 Corona                   Hex            #......      22%         1    None
 Summon Small Mammal      Summ           #...         22%         1    None


Dungeon Overview and Level Annotations

Branches:
Dungeon (8/15)             Temple (1/1) D:7
   Lair: D:8-11

Altars:
Cheibriados
Dithmenos
Elyvilon
Fedhas
Gozag
Hepliaklqana
Kikubaaqudgha
Makhleb
Nemelex Xobeh
Okawaru
Qazlal
Ru
Sif Muna
Uskayaw
Wu Jian
Xom
Yredelemnul
Zin
The Shining One

Shops:
D:4 *   D:5 ??(:}

Annotations:
D:3 statue


Message History

* * * LOW HITPOINT WARNING * * *
You miss something. Something hits you.
* * * LOW HITPOINT WARNING * * *
Something hits you but does no damage.
You puncture something! Something hits you.
* * * LOW HITPOINT WARNING * * *
You barely miss something. Something hits you.
* * * LOW HITPOINT WARNING * * *
Something hits you!
* * * LOW HITPOINT WARNING * * *
You see here a stone.
You feel a strong urge to attack something.
You are no longer berserk.
You are exhausted.
You feel yourself slow down. Something hits you.
* * * LOW HITPOINT WARNING * * *
Something hits you but does no damage.
You fade into invisibility!
Something hits you.
You die...

##)!>......
#..(.......
###(.........
##............
##..##.........
##()####.......#
##.### ##.....##
##.## #######
##@## ##.##
##.## ##.## #.##
###


There were no monsters in sight!

Vanquished Creatures
  A hippogriff (D:7)
  Edmund (D:3)
  An orc warrior (D:6)
  2 ice beasts
  3 sky beasts
  A black bear (D:5)
  A necrophage (D:7)
  3 ogres
  2 centaurs
  A crocodile (D:7)
  A big kobold (D:7)
  2 bullfrogs
  4 scorpions
  6 killer bees (D:7)
  8 howler monkeys
  4 crimson imps
  2 centaur zombies
  A bullfrog zombie (D:4)
  3 hounds
  A centaur skeleton (D:4)
  2 jellies
  An orc priest (D:7)
  2 iguanas
  4 orc wizards
  2 worker ants
  2 hound skeletons (D:4)
  4 gnolls
  10 adders
  A shadow imp (D:7)
  An adder zombie (D:6)
  3 worms
  5 dart slugs
  4 leopard geckos
  15 orcs
  2 ball pythons
  7 bats
  7 giant cockroaches
  7 hobgoblins
  13 jackals
  8 kobolds
  2 quokkas
  A ball python skeleton (D:4)
  4 frilled lizards
  7 goblins
  2 leopard gecko zombies
  A quokka skeleton (D:7)
  8 rats
173 creatures vanquished.

Vanquished Creatures (others)
  A shadow imp (D:8)
  3 spectral weapons
4 creatures vanquished.

Grand Total: 177 creatures vanquished

Notes
Turn   | Place    | Note
-------+----------+-------------------------------------------
     0 | D:1      | mortelune the Merfolk Skald began the quest for the Orb.
     0 | D:1      | Reached XP level 1. HP: 16/16 MP: 3/3
   281 | D:1      | Reached XP level 2. HP: 13/23 MP: 0/5
   304 | D:1      | HP: 1/23 [hobgoblin (5)]
   494 | D:1      | Learned a level 2 spell: Song of Slaying
   661 | D:1      | Reached XP level 3. HP: 5/28 MP: 6/6
  1509 | D:2      | Reached skill level 4 in Polearms
  2187 | D:3      | Reached XP level 4. HP: 22/35 MP: 7/7
  2453 | D:3      | Found an iron altar of Okawaru.
  2866 | D:3      | Learned a level 2 spell: Shroud of Golubria
  3351 | D:4      | Found Nittyoh's General Store.
  3396 | D:4      | Reached XP level 5. HP: 22/41 MP: 0/8
  3403 | D:4      | Reached skill level 5 in Polearms
  4097 | D:4      | Reached XP level 6. HP: 39/48 MP: 9/9
  4260 | D:4      | Noticed Edmund
  4305 | D:3      | Killed Edmund
  4305 | D:3      | Reached skill level 6 in Polearms
  4811 | D:5      | Entered Level 5 of the Dungeon
  4954 | D:5      | Reached XP level 7. HP: 54/55 MP: 5/10
  5242 | D:5      | Reached skill level 5 in Fighting
  5242 | D:5      | Reached skill level 7 in Polearms
  5504 | D:5      | Reached skill level 5 in Dodging
  5532 | D:5      | Found Ocwateb's Book Emporium.
  5640 | D:5      | Reached skill level 5 in Charms
  5688 | D:5      | Reached skill level 8 in Polearms
  5688 | D:5      | Reached XP level 8. HP: 54/64 MP: 8/11
  5882 | D:5      | Found Jyileg's Gadget Shoppe.
  6096 | D:5      | Found Basyuf's Magic Scroll Boutique.
  6099 | D:5      | Bought a scroll of blinking for 105 gold pieces
  6123 | D:5      | Found Juntoz's Magic Scroll Shop.
  6145 | D:5      | Bought a scroll of teleportation for 39 gold pieces
  6189 | D:5      | Found Valyw's Antique Weapon Shop.
  6667 | D:6      | Learned a level 3 spell: Spectral Weapon
  6938 | D:6      | Reached skill level 9 in Polearms
  7691 | D:6      | Reached XP level 9. HP: 65/72 MP: 11/13
  8146 | D:7      | Reached skill level 10 in Polearms
  9153 | D:7      | Found a staircase to the Ecumenical Temple.
  9419 | Temple   | Entered the Ecumenical Temple
  9700 | Temple   | Became a worshipper of Makhleb the Destroyer
  9896 | D:8      | Reached skill level 11 in Polearms
  9923 | D:8      | Reached XP level 10. HP: 81/81 MP: 3/15
 10558 | D:7      | HP: 1/81 [something (5)]
 10560 | D:7      | Slain by an unseen horror

Illustrated notes

Levels and vault maps discovered:
D:1:      dpeg_arrival_pits, layout_basic
D:2:      layout_basic, first_ration
D:3:      layout_loops_cross, kennysheep_okawaru_gauntlet, minmay_statues_item
D:4:      layout_cave_pools, serial_shops, shop, uniq_edmund
D:5:      layout_basic, serial_shops, shop_scrolls, nicolae_shop_trees, shop,
          shop, kennysheep_mini_moat, minmay_fractal_squares_diagonal_5
D:6:      layout_cave_pods, minmay_manual_moon
D:7:      layout_rooms, temple_pool_b
D:8:      layout_rooms, fiery_altar_vehumet, lightli_corner_chamber
Temple:   dpeg_five_rooms_temple

Skill      XL: |  1  2  3  4  5  6  7  8  9 10 |
---------------+-------------------------------+-----
Dodging        | 3 4 5 6 7 |  7.8
Polearms       | 4 5 6 8 9 11 | 11.5
Fighting       | 3 4 5 7 8 |  8.9
Charms         | 4 5 6 7 |  7.0
Spellcasting   | 3 4 |  4.1
Armour         | |  0.6

Action                   |  1- 3 |  4- 6 |  7- 9 | 10-12 || total
-------------------------+-------+-------+-------+-------++-------
Melee: Spear             |   168 |   165 |       |       ||   333
       Trident           |       |   112 |   387 |    59 ||   558
       Unarmed           |       |       |     6 |       ||     6
Throw: Boomerang         |       |       |     4 |       ||     4
 Cast: Infusion          |     2 |     4 |     6 |       ||    12
       Shroud of Golubri |       |     9 |     7 |       ||    16
       Song of Slaying   |       |     3 |     2 |       ||     5
       Spectral Weapon   |       |       |     8 |       ||     8
Evoke: Wand              |       |       |     1 |       ||     1
  Use: Potion            |     2 |     1 |       |     2 ||     5
       Scroll            |     1 |     9 |     2 |     1 ||    13
 Stab: Invisible         |     2 |       |       |       ||     2
       Distracted        |       |       |     1 |       ||     1
       Sleeping          |       |       |     1 |       ||     1
  Eat: Chunk             |     4 |    10 |    11 |     2 ||    27
       Ration            |       |       |     2 |       ||     2
Armor: Leather armour    |    50 |    94 |   102 |    44 ||   290
Dodge: Dodged            |    82 |   241 |   260 |    23 ||   606

Table legend:
 A = Non-vault XP
 B = Vault XP
 C = Vault XP percentage of total XP
 D = Non-vault monster count
 E = Vault monster count
 F = Vault count percentage of total count
                 A         B        C        D         E       F
            +---------+---------+-------+---------+---------+-------
      Total |    4915 |     499 |   9.2 |     159 |      13 |   7.6
            +---------+---------+-------+---------+---------+-------
        D:1 |      40 |       0 |   0.0 |      21 |       0 |   0.0
        D:2 |      26 |       0 |   0.0 |      10 |       0 |   0.0
        D:3 |      61 |     173 |  73.9 |      18 |       3 |  14.3
        D:4 |     288 |       0 |   0.0 |      28 |       0 |   0.0
        D:5 |     766 |     126 |  14.1 |      15 |       5 |  25.0
        D:6 |     798 |     200 |  20.0 |      13 |       5 |  27.8
        D:7 |    1446 |       0 |   0.0 |      35 |       0 |   0.0
        D:8 |    1490 |       0 |   0.0 |      19 |       0 |   0.0
            +---------+---------+-------+---------+---------+-------
